[Event "2nd Gujarat Open 2019"]
[Site "Ahmedabad, Gujarat"]
[Date "2019.09.26"]
[Round "7.26"]
[White "Priyankara, Chamil"]
[Black "Srija, Seshadri"]
[Result "1-0"]
[ECO "C34"]
[WhiteElo "1917"]
[BlackElo "2270"]
[Annotator "NA"]
[PlyCount "23"]
[EventDate "2019.09.22"]
[EventType "swiss"]
[EventCountry "IND"]
[SourceTitle "playchess.com"]
[Source "ChessBase"]
[SourceQuality "1"]
[TimeControl "5400+30"]

1. e4 e5 2. f4 exf4 3. Nf3 Ne7 4. Bc4 Ng6 5. Nc3 c6 6. d4 Bb4 7. Kf2 Bxc3 8. bxc3 d5 9. exd5 cxd5 10. Bb5+ Nc6 11. Ba3 f6 12. c4 1-0

[Event "2nd Gujarat Open 2019"]
[Site "Ahmedabad, Gujarat"]
[Date "2019.09.26"]
[Round "7.27"]
[White "Adarsh Tripathi"]
[Black "Mehdi Hasan Parag"]
[Result "1/2-1/2"]
[ECO "B23"]
[WhiteElo "1915"]
[BlackElo "2183"]
[Annotator "NA"]
[PlyCount "86"]
[EventDate "2019.09.22"]
[EventType "swiss"]
[EventCountry "IND"]
[SourceTitle "playchess.com"]
[Source "ChessBase"]
[SourceQuality "1"]
[TimeControl "5400+30"]

1. e4 c5 2. Nc3 Nc6 3. f4 g6 4. Nf3 Bg7 5. Bb5 d6 6. O-O Bd7 7. Bc4 e6 8. d3 Nge7 9. Qe1 a6 10. a4 O-O 11. f5 Nd4 12. Nxd4 Bxd4+ 13. Kh1 Nc6 14. Bh6 Re8 15. f6 Bxf6 16. Qf2 Be5 17. Qxf7+ Kh8 18. Qf2 Nd4 19. Bf4 Bxf4 20. Qxf4 Qe7 21. Qd2 b5 22. Ba2 Rf8 23. Ne2 Nxe2 24. Qxe2 bxa4 25. Rxf8+ Rxf8 26. Rf1 Kg7 27. Rxf8 Qxf8 28. h3 Qf4 29. Qe1 Qf6 30. Qa5 Qxb2 31. Qd8 Qc1+ 32. Kh2 Qf4+ 33. Kg1 Qf7 34. Qb6 Qe7 35. Qxa6 Kf7 36. Qb6 Qf6 37. Qb7 Ke8 38. Bc4 Qd8 39. Bb5 Bxb5 40. Qxb5+ Qd7 41. Qb8+ Ke7 42. Qh8 h5 43. Kh2 Qe8 1/2-1/2

[Event "2nd Gujarat Open 2019"]
[Site "Ahmedabad, Gujarat"]
[Date "2019.09.26"]
[Round "7.28"]
[White "Sobh, Amrou"]
[Black "Potawad Anirudhha"]
[Result "0-1"]
[ECO "D37"]
[WhiteElo "2172"]
[BlackElo "1914"]
[Annotator "NA"]
[PlyCount "119"]
[EventDate "2019.09.22"]
[EventType "swiss"]
[EventCountry "IND"]
[SourceTitle "playchess.com"]
[Source "ChessBase"]
[SourceQuality "1"]
[TimeControl "5400+30"]

1. d4 Nf6 2. c4 e6 3. Nc3 d5 4. Nf3 Be7 5. g3 O-O 6. Bg2 b6 7. O-O Bb7 8. cxd5 exd5 9. Bf4 a6 10. Rc1 Nbd7 11. Ne5 c6 12. Qb3 Nxe5 13. Bxe5 Nd7 14. Bf4 Rc8 15. Rfd1 Ba8 16. Bh3 f5 17. e4 fxe4 18. Nxe4 Kh8 19. Nd6 Bxd6 20. Bxd6 Rf6 21. Bf4 h6 22. Re1 c5 23. Qe3 Bc6 24. Qe7 c4 25. Rc3 b5 26. Rce3 Ra8 27. Re6 Rxe6 28. Qxe6 Qf6 29. Qe7 Qxe7 30. Rxe7 Nf6 31. Be5 b4 32. Bf5 Re8 33. Rc7 Bb5 34. Bg6 Rd8 35. f3 Kg8 36. Kf2 Kf8 37. Bf5 Nd7 38. Bd6+ Kf7 39. Bxb4 Kf6 40. Bh3 g5 41. Bg4 Kg6 42. Be6 Nf6 43. Bf7+ Kg7 44. Bxd5+ Rd7 45. Rxd7+ Nxd7 46. a4 Bxa4 47. Bxc4 Bb5 48. Bxb5 axb5 49. Ke3 Nf6 50. Bd6 Kf7 51. Be5 Nd5+ 52. Ke4 Ke6 53. g4 b4 54. Bg7 b3 55. Bxh6 Nc3+ 56. Kd3 Na4 57. Bxg5 Nxb2+ 58. Kc3 Nc4 59. Kxb3 Kd5 60. Kc3 0-1

[Event "2nd Gujarat Open 2019"]
[Site "Ahmedabad, Gujarat"]
[Date "2019.09.26"]
[Round "7.29"]
[White "Chaitanya Sairam Mogili"]
[Black "Chokshi, Manthan J."]
[Result "1/2-1/2"]
[ECO "D00"]
[WhiteElo "1908"]
[BlackElo "2170"]
[Annotator "NA"]
[PlyCount "62"]
[EventDate "2019.09.22"]
[EventType "swiss"]
[EventCountry "IND"]
[SourceTitle "playchess.com"]
[Source "ChessBase"]
[SourceQuality "1"]
[TimeControl "5400+30"]

1. d4 d5 2. Bf4 c5 3. e3 Nc6 4. c3 Nf6 5. Nd2 cxd4 6. exd4 g6 7. Ngf3 Bg7 8. Bd3 O-O 9. h3 Re8 10. O-O Nh5 11. Bh2 Bh6 12. Re1 Nf4 13. Bf1 Be6 14. Nb3 Bc8 15. Ne5 Nxe5 16. Bxf4 Bxf4 17. dxe5 e6 18. g3 Bh6 19. h4 Bd7 20. Nd4 a6 21. a4 Bf8 22. Kg2 Rb8 23. h5 b5 24. axb5 axb5 25. b4 Qc7 26. Qd2 Bg7 27. hxg6 hxg6 28. f4 Rec8 29. Re3 Qb7 30. Ree1 Ra8 31. Bd3 Ra6 1/2-1/2

[Event "2nd Gujarat Open 2019"]
[Site "Ahmedabad, Gujarat"]
[Date "2019.09.26"]
[Round "7.30"]
[White "Harshita Guddanti"]
[Black "Aaditya Dhingra"]
[Result "1/2-1/2"]
[ECO "B43"]
[WhiteElo "2168"]
[BlackElo "1880"]
[Annotator "NA"]
[PlyCount "50"]
[EventDate "2019.09.22"]
[EventType "swiss"]
[EventCountry "IND"]
[SourceTitle "playchess.com"]
[Source "ChessBase"]
[SourceQuality "1"]
[TimeControl "5400+30"]

1. e4 c5 2. Nf3 e6 3. d4 cxd4 4. Nxd4 a6 5. Nc3 Qc7 6. Bd3 b5 7. O-O Bb7 8. Qe2 d6 9. f4 Nd7 10. Kh1 Ngf6 11. Bd2 Be7 12. Rae1 O-O 13. a3 Nc5 14. b4 Nxd3 15. cxd3 Rac8 16. Rc1 Qb8 17. Nb3 Nd7 18. Rc2 Rc7 19. Rfc1 Rfc8 20. Be3 Bf6 21. d4 Nb6 22. e5 Be7 23. Na5 Nc4 24. Nxc4 Rxc4 25. Nd1 Rxc2 1/2-1/2

[Event "2nd Gujarat Open 2019"]
[Site "Ahmedabad, Gujarat"]
[Date "2019.09.26"]
[Round "7.31"]
[White "Sparsh Khandelwal"]
[Black "Soham Datar"]
[Result "0-1"]
[ECO "B22"]
[WhiteElo "1868"]
[BlackElo "2160"]
[Annotator "NA"]
[PlyCount "84"]
[EventDate "2019.09.22"]
[EventType "swiss"]
[EventCountry "IND"]
[SourceTitle "playchess.com"]
[Source "ChessBase"]
[SourceQuality "1"]
[TimeControl "5400+30"]

1. e4 c5 2. c3 Nf6 3. e5 Nd5 4. d4 cxd4 5. cxd4 d6 6. Nf3 Nc6 7. Bc4 e6 8. O-O Be7 9. Qe2 O-O 10. Nc3 dxe5 11. dxe5 Nxc3 12. bxc3 Qc7 13. Qe4 Bd7 14. Bd3 g6 15. Bh6 Rfd8 16. Rad1 Be8 17. Qf4 Rd5 18. Be4 Rxd1 19. Rxd1 Rd8 20. Rxd8 Nxd8 21. Qd2 Bb5 22. Bg5 Bc6 23. Bxc6 Nxc6 24. h3 Bxg5 25. Qxg5 Qe7 26. Qxe7 Nxe7 27. Nd2 g5 28. Ne4 h6 29. Nd6 b6 30. a4 Nd5 31. Ne4 Nf4 32. c4 Nd3 33. Kf1 Nxe5 34. c5 bxc5 35. Nxc5 Kf8 36. Ke2 Ke7 37. Ne4 f5 38. Nc3 a6 39. Ke3 Kd6 40. Kd4 Ng6 41. Kc4 Nf4 42. Kb4 Nd5+ 0-1

[Event "2nd Gujarat Open 2019"]
[Site "Ahmedabad, Gujarat"]
[Date "2019.09.26"]
[Round "7.32"]
[White "Sanket Chakravarty"]
[Black "Vijay, Anand M."]
[Result "1-0"]
[ECO "A36"]
[WhiteElo "2158"]
[BlackElo "1806"]
[Annotator "NA"]
[PlyCount "147"]
[EventDate "2019.09.22"]
[EventType "swiss"]
[EventCountry "IND"]
[SourceTitle "playchess.com"]
[Source "ChessBase"]
[SourceQuality "1"]
[TimeControl "5400+30"]

1. c4 c5 2. g3 g6 3. Nc3 Bg7 4. Bg2 Nc6 5. e4 d6 6. Nge2 e6 7. d3 Nge7 8. Be3 Nd4 9. O-O O-O 10. f4 f5 11. Rb1 Rb8 12. a3 Nec6 13. b4 b6 14. bxc5 dxc5 15. e5 Bb7 16. Nb5 Nxb5 17. Rxb5 Rf7 18. Qc2 Rd7 19. Rd1 Bf8 20. Rb3 Qc7 21. h3 Rbd8 22. Kh2 Bh6 23. Bf2 Na5 24. Rc3 Bxg2 25. Kxg2 Qb7+ 26. Kh2 Nc6 27. Rb3 Na5 28. Rc3 Nc6 29. Rb3 Na5 30. Rbb1 Qf3 31. Ng1 Qh5 32. Kg2 g5 33. fxg5 Bxg5 34. Nf3 Nc6 35. Qe2 Bh6 36. Kh2 Bg7 37. Rb2 Kh8 38. Rbd2 Bh6 39. Be3 Bxe3 40. Qxe3 Nd4 41. Nxd4 Rxd4 42. Rf1 Qg6 43. Rf4 Rxf4 44. Qxf4 Rd4 45. Qf3 Qf7 46. Re2 Qd7 47. Re3 h6 48. g4 f4 49. Re4 Rxd3 50. Qxf4 Qg7 51. Qf6 Qxf6 52. exf6 Rd6 53. Kg3 Kg8 54. Kh4 Kf7 55. Kh5 Rd3 56. h4 Rd4 57. Rxd4 cxd4 58. Kxh6 d3 59. g5 d2 60. g6+ Kxf6 61. g7 d1=Q 62. g8=Q Qa4 63. Qg5+ Kf7 64. Qg7+ Ke8 65. Qg4 Ke7 66. h5 Qxa3 67. Kg7 Qa1+ 68. Kg8 Qf1 69. Qg7+ Ke8 70. h6 Qxc4 71. Qf7+ Kd8 72. h7 Qg4+ 73. Qg7 Qc4 74. h8=Q 1-0

[Event "2nd Gujarat Open 2019"]
[Site "Ahmedabad, Gujarat"]
[Date "2019.09.26"]
[Round "7.33"]
[White "Saypuri Srithan"]
[Black "Aradhya, Garg"]
[Result "0-1"]
[ECO "B13"]
[WhiteElo "1865"]
[BlackElo "2157"]
[Annotator "NA"]
[PlyCount "60"]
[EventDate "2019.09.22"]
[EventType "swiss"]
[EventCountry "IND"]
[SourceTitle "playchess.com"]
[Source "ChessBase"]
[SourceQuality "1"]
[TimeControl "5400+30"]

1. e4 c6 2. d4 d5 3. exd5 cxd5 4. c4 Nf6 5. Nc3 Nc6 6. Nf3 Be6 7. c5 g6 8. Bb5 Bg7 9. Ne5 Bd7 10. Nxd7 Nxd7 11. Be3 O-O 12. Qa4 e5 13. O-O exd4 14. Bxc6 Nxc5 15. Qb4 dxe3 16. Qxc5 exf2+ 17. Kh1 bxc6 18. Qxc6 Rc8 19. Qxd5 Qxd5 20. Nxd5 Rc2 21. Rab1 Bxb2 22. g3 Bd4 23. Rb4 Bc5 24. Rb5 Rd8 25. Nf6+ Kg7 26. Ne4 Bd4 27. a4 Re8 28. Nd6 Re1 29. Rb1 Rce2 30. Nb5 Rxb1 0-1

[Event "2nd Gujarat Open 2019"]
[Site "Ahmedabad, Gujarat"]
[Date "2019.09.26"]
[Round "7.34"]
[White "Anustoop Biswas"]
[Black "Tamhankar, Siddhant"]
[Result "1-0"]
[ECO "B20"]
[WhiteElo "2154"]
[BlackElo "1750"]
[Annotator "NA"]
[PlyCount "73"]
[EventDate "2019.09.22"]
[EventType "swiss"]
[EventCountry "IND"]
[SourceTitle "playchess.com"]
[Source "ChessBase"]
[SourceQuality "1"]
[TimeControl "5400+30"]

1. e4 c5 2. b3 d6 3. Bb2 Nf6 4. Bb5+ Bd7 5. Bxd7+ Qxd7 6. Nc3 Nc6 7. f4 g6 8. Nf3 Bg7 9. Qe2 O-O 10. O-O Nh5 11. f5 Rac8 12. Nd1 a6 13. Bxg7 Kxg7 14. Ne3 Nf6 15. Nd5 Qd8 16. c3 Ne5 17. fxg6 hxg6 18. Ng5 Rh8 19. h3 Rh5 20. Qe3 c4 21. Qg3 b5 22. bxc4 Nxc4 23. d3 Ne5 24. Nf4 Qb6+ 25. d4 Rh6 26. Rf2 Ned7 27. Raf1 e6 28. e5 dxe5 29. dxe5 Nh5 30. Nxh5+ Rxh5 31. Kh1 f5 32. exf6+ Kf8 33. Qg4 Nc5 34. Re2 Rc6 35. f7 Rd6 36. Qxh5 gxh5 37. Nh7+ 1-0

[Event "2nd Gujarat Open 2019"]
[Site "Ahmedabad, Gujarat"]
[Date "2019.09.26"]
[Round "7.35"]
[White "Aditya P Melani"]
[Black "Joshi, Govind Ballabh"]
[Result "1/2-1/2"]
[ECO "A13"]
[WhiteElo "1847"]
[BlackElo "2118"]
[Annotator "NA"]
[PlyCount "78"]
[EventDate "2019.09.22"]
[EventType "swiss"]
[EventCountry "IND"]
[SourceTitle "playchess.com"]
[Source "ChessBase"]
[SourceQuality "1"]
[TimeControl "5400+30"]

1. c4 e6 2. Nf3 d5 3. g3 Nf6 4. Bg2 dxc4 5. Na3 Bxa3 6. bxa3 O-O 7. Bb2 Nc6 8. Qc2 Re8 9. Qxc4 e5 10. Ng5 Qe7 11. O-O h6 12. Ne4 Nd7 13. e3 Nb6 14. Qc2 Bf5 15. f4 exf4 16. Rxf4 Bg6 17. Qc3 Ne5 18. Nc5 c6 19. Qxe5 Qxe5 20. Bxe5 Rxe5 21. Nxb7 Rc8 22. Rc1 c5 23. a4 Rc7 24. d4 Rxe3 25. dxc5 Rd3 26. Rb4 Rd2 27. c6 Nd5 28. Rb3 Nf6 29. Na5 Be4 30. Bxe4 Nxe4 31. Rb7 Ng5 32. Kf1 Rc8 33. c7 Kh7 34. Rb8 Nf3 35. Rb3 Rxh2 36. Rd1 Rd2 37. Rc1 Rh2 38. Rd1 Nd2+ 39. Rxd2 Rxd2 1/2-1/2

[Event "2nd Gujarat Open 2019"]
[Site "Ahmedabad, Gujarat"]
[Date "2019.09.26"]
[Round "7.36"]
[White "Pimpalkhare Vedant"]
[Black "Chilukuri Sai Varshith"]
[Result "1/2-1/2"]
[ECO "A01"]
[WhiteElo "2104"]
[BlackElo "1813"]
[Annotator "NA"]
[PlyCount "104"]
[EventDate "2019.09.22"]
[EventType "swiss"]
[EventCountry "IND"]
[SourceTitle "playchess.com"]
[Source "ChessBase"]
[SourceQuality "1"]
[TimeControl "5400+30"]

1. b3 Nf6 2. Bb2 g6 3. Bxf6 exf6 4. c4 Bg7 5. Nc3 f5 6. Rc1 b6 7. e3 Bb7 8. Nf3 O-O 9. Be2 d6 10. O-O Nd7 11. Re1 Nf6 12. d3 c5 13. d4 Ne4 14. Nd5 Nf6 15. Nc3 Ne4 16. Nd5 Nf6 17. Nf4 Ne4 18. Qd3 Bc6 19. Rcd1 Qc7 20. Nd2 Rfe8 21. Bf3 Qe7 22. Nf1 Rad8 23. Ng3 Bb7 24. Qc2 Ba8 25. Bxe4 fxe4 26. dxc5 dxc5 27. Rxd8 Rxd8 28. Rd1 f5 29. Nge2 Be5 30. g3 Bc6 31. Rd2 Rxd2 32. Qxd2 Qd6 33. Qxd6 Bxd6 34. Nc3 Bxf4 35. exf4 Kf7 36. Kf1 Ke6 37. Ke2 h5 38. h4 Kd6 39. Ke3 Ke6 40. Nb1 Kd6 41. Nc3 Ke6 42. Nb1 Kd6 43. Na3 Ke6 44. Nc2 Kd6 45. Na3 Ke6 46. Nb1 Kd6 47. Nc3 Ke6 48. Ne2 Kd6 49. Ng1 Ke6 50. Nh3 Kf7 51. Ng5+ Kf6 52. Nh3 Ke6 1/2-1/2

[Event "2nd Gujarat Open 2019"]
[Site "Ahmedabad, Gujarat"]
[Date "2019.09.27"]
[Round "8.1"]
[White "Rozum, Ivan"]
[Black "Manush Shah"]
[Result "1-0"]
[ECO "B10"]
[WhiteElo "2596"]
[BlackElo "2352"]
[Annotator "ChessBase"]
[PlyCount "123"]
[EventDate "2019.09.22"]
[EventType "swiss"]
[EventCountry "IND"]
[SourceTitle "playchess.com"]
[Source "ChessBase"]
[SourceQuality "1"]
[TimeControl "5400+30"]

1. e4 c6 2. Nc3 d5 3. Nf3 dxe4 4. Nxe4 Nf6 5. Qe2 Nxe4 6. Qxe4 Qd5 7. Qh4 Bf5 8. Bc4 Qd6 9. d3 e6 10. Bf4 Qb4+ 11. Bd2 Qd6 12. O-O-O Be7 13. Qg3 Qxg3 14. hxg3 h6 15. Bc3 O-O 16. Ne5 b5 17. Bb3 a5 18. a4 Bf6 19. Rde1 Bxe5 20. Bxe5 Nd7 21. Bd4 Rfc8 22. Be3 Rab8 23. Rh4 Nb6 24. g4 bxa4 25. Bxa4 Bg6 26. g5 Nxa4 27. Rxa4 hxg5 28. Bxg5 Rb5 29. Bd2 Rh5 30. Rxa5 Rxa5 31. Bxa5 Ra8 32. Re5 Rb8 33. Bd2 Kf8 34. Ra5 f6 35. Ra7 Rc8 36. Bb4+ Kg8 37. Bc5 e5 38. f3 Bf7 39. Kd2 Bd5 40. b3 Re8 41. Rc7 Rb8 42. Ba7 Ra8 43. Kc3 g5 44. Kd2 Bf7 45. Ke3 Be8 46. b4 Rd8 47. g3 Rd7 48. Rc8 Kf7 49. Bc5 f5 50. g4 fxg4 51. fxg4 Rb7 52. Ke4 Bd7 53. Rf8+ Kg7 54. Rf1 Bxg4 55. Rg1 Be6 56. Kxe5 Bd5 57. Rxg5+ Kf7 58. Kd6 Kf6 59. Rg1 Rf7 60. Rf1+ Kg6 61. Rxf7 Kxf7 62. b5 1-0

[Event "2nd Gujarat Open 2019"]
[Site "Ahmedabad, Gujarat"]
[Date "2019.09.27"]
[Round "8.2"]
[White "Himanshu, Sharma"]
[Black "Vasquez Schroeder, Rodrigo"]
[Result "1/2-1/2"]
[ECO "B34"]
[WhiteElo "2408"]
[BlackElo "2476"]
[Annotator "ChessBase"]
[PlyCount "202"]
[EventDate "2019.09.22"]
[EventType "swiss"]
[EventCountry "IND"]
[SourceTitle "playchess.com"]
[Source "ChessBase"]
[SourceQuality "1"]
[TimeControl "5400+30"]

1. e4 c5 2. Nc3 Nc6 3. Nge2 g6 4. d4 cxd4 5. Nxd4 Bg7 6. Nde2 Nf6 7. g3 O-O 8. Bg2 d6 9. O-O Rb8 10. a4 a6 11. Nd5 Nd7 12. c3 b5 13. axb5 axb5 14. Nd4 Nde5 15. f4 Nxd4 16. fxe5 Nc6 17. exd6 exd6 18. Bf4 Ne5 19. Qd2 Nc4 20. Qf2 Be6 21. Nb4 Rc8 22. Ra6 Qc7 23. Rd1 Nxb2 24. Rdxd6 Qxc3 25. Nc6 Nd3 26. Bd2 Qxc6 27. Rdxc6 Nxf2 28. Kxf2 Rxc6 29. Rxc6 Ra8 30. Bf1 Bd4+ 31. Be3 Ra2+ 32. Be2 Bxe3+ 33. Kxe3 b4 34. Rb6 Rb2 35. h4 h5 36. Ba6 Rb3+ 37. Kf2 Kg7 38. e5 Rb2+ 39. Ke3 b3 40. Bb7 Rb1 41. Be4 Rc1 42. Rb5 Re1+ 43. Kf4 Kf8 44. Rb8+ Ke7 45. Bc6 Rf1+ 46. Ke3 f5 47. exf6+ Kxf6 48. Be4 Bf7 49. Bd3 Rg1 50. Kf4 Rd1 51. Rb6+ Kg7 52. Ke3 Rc1 53. Kf4 Rc3 54. Be4 Rc4 55. Ke5 Rc7 56. Kf4 Re7 57. Bd3 Re6 58. Rb7 Rd6 59. Be4 Kf6 60. Rb8 Ra6 61. Rb4 Be6 62. Rb8 Bf7 63. Rb4 Rd6 64. Rb8 Rd1 65. Rb6+ Ke7 66. Ke5 Re1 67. Rb7+ Kf8 68. Kf4 Re2 69. Kf3 Re1 70. Kf4 Rg1 71. Bd3 Rg2 72. Be4 Re2 73. Kf3 Rd2 74. Ke3 Rd1 75. Bd3 Rc1 76. Be4 Rc3+ 77. Kf4 Rc5 78. Ke3 Re5 79. Kf4 Re7 80. Rb6 Kg7 81. Rb8 Kf6 82. Rb6+ Re6 83. Rb8 Rd6 84. Rb4 Be6 85. Rb8 Rd2 86. Ke3 Rd6 87. Kf4 Bf7 88. Rb4 Ke7 89. Rb7+ Rd7 90. Rb6 Rd1 91. Rb7+ Kf6 92. Rb6+ Kg7 93. Rb7 Rf1+ 94. Ke3 Kf6 95. Bd3 Rg1 96. Kf4 Rc1 97. Rb6+ Kg7 98. Be4 Rf1+ 99. Ke3 Kf8 100. Bd3 Rc1 101. Rb7 Rc6 1/2-1/2

[Event "2nd Gujarat Open 2019"]
[Site "Ahmedabad, Gujarat"]
[Date "2019.09.27"]
[Round "8.3"]
[White "Chanda, Sandipan"]
[Black "Konguvel, Ponnuswamy"]
[Result "1/2-1/2"]
[ECO "B08"]
[WhiteElo "2529"]
[BlackElo "2374"]
[Annotator "ChessBase"]
[PlyCount "83"]
[EventDate "2019.09.22"]
[EventType "swiss"]
[EventCountry "IND"]
[SourceTitle "playchess.com"]
[Source "ChessBase"]
[SourceQuality "1"]
[TimeControl "5400+30"]

1. d4 d6 2. e4 g6 3. Nf3 Bg7 4. Be2 Nf6 5. Nc3 O-O 6. O-O Bg4 7. Be3 Nc6 8. d5 Bxf3 9. Bxf3 Ne5 10. Be2 c6 11. f4 Ned7 12. dxc6 bxc6 13. Bf3 Rb8 14. Rb1 Qc7 15. Qd3 Rb7 16. b3 Qa5 17. Na4 Rd8 18. Rbd1 Rbb8 19. c4 Ne8 20. Qc2 Nb6 21. Nxb6 axb6 22. Qf2 b5 23. c5 b4 24. e5 Qc7 25. cxd6 exd6 26. Rc1 dxe5 27. Bxc6 Qe7 28. f5 Rbc8 29. h4 e4 30. fxg6 hxg6 31. Bd5 Rxc1 32. Bxf7+ Kh8 33. Rxc1 Nf6 34. Bxg6 Ng4 35. Bg5 Qd6 36. Qf4 Qd1+ 37. Qf1 Qd4+ 38. Kh1 Qd6 39. Qf4 Qd1+ 40. Qf1 Qd6 41. Qf4 Qd1+ 42. Qf1 1/2-1/2

[Event "2nd Gujarat Open 2019"]
[Site "Ahmedabad, Gujarat"]
[Date "2019.09.27"]
[Round "8.4"]
[White "Eraschenkov, Denis"]
[Black "Saptarshi, Roy"]
[Result "0-1"]
[ECO "A04"]
[WhiteElo "2390"]
[BlackElo "2480"]
[Annotator "ChessBase"]
[PlyCount "68"]
[EventDate "2019.09.22"]
[EventType "swiss"]
[EventCountry "IND"]
[SourceTitle "playchess.com"]
[Source "ChessBase"]
[SourceQuality "1"]
[TimeControl "5400+30"]

1. Nf3 Nc6 2. d4 d5 3. Bf4 Bg4 4. e3 f6 5. Bb5 e6 6. Nbd2 Bd6 7. Bg3 Nge7 8. c4 O-O 9. O-O a6 10. cxd5 exd5 11. Bd3 Bxg3 12. hxg3 f5 13. Qb3 Rb8 14. Rfc1 Kh8 15. Rc5 Rf6 16. Rac1 Rh6 17. Ng5 Qe8 18. f4 Rd6 19. Kf2 Qh5 20. a3 h6 21. Nh3 Qe8 22. Nf3 Re6 23. Nhg1 Qh5 24. Ne5 Nxe5 25. dxe5 c6 26. Bxa6 b5 27. a4 Rg6 28. axb5 Qh2 29. Kf1 Qxg3 30. R5c2 d4 31. Ne2 Bxe2+ 32. Rxe2 Nd5 33. Qa3 Nxf4 34. Rce1 Qh2 0-1

[Event "2nd Gujarat Open 2019"]
[Site "Ahmedabad, Gujarat"]
[Date "2019.09.27"]
[Round "8.5"]
[White "Nguyen, Van Huy"]
[Black "Karthikeyan, P.."]
[Result "1/2-1/2"]
[ECO "E06"]
[WhiteElo "2454"]
[BlackElo "2408"]
[Annotator "RC"]
[PlyCount "49"]
[EventDate "2019.09.22"]
[EventType "swiss"]
[EventCountry "IND"]
[SourceTitle "playchess.com"]
[Source "ChessBase"]
[SourceQuality "1"]
[TimeControl "5400+30"]

1. d4 Nf6 2. c4 e6 3. Nf3 d5 4. g3 Be7 5. Bg2 O-O 6. O-O dxc4 7. Qc2 b5 8. a4 b4 9. Nfd2 Nd5 10. Nxc4 c5 11. dxc5 Ba6 12. Nbd2 Nd7 13. c6 Nc5 14. Nb3 Rc8 15. Ne5 Nxb3 16. Qxb3 Qd6 17. Bf4 Nxf4 18. gxf4 Bxe2 19. Rfe1 Bh5 20. Bf3 Bxf3 21. Qxf3 Qc7 22. Rac1 Bf6 23. Rc4 Rfd8 24. Nd7 Bxb2 25. Rxb4 1/2-1/2

[Event "2nd Gujarat Open 2019"]
[Site "Ahmedabad, Gujarat"]
[Date "2019.09.27"]
[Round "8.6"]
[White "Manik, Mikulas"]
[Black "Das, Sayantan"]
[Result "1/2-1/2"]
[ECO "C18"]
[WhiteElo "2375"]
[BlackElo "2434"]
[Annotator "NA"]
[PlyCount "59"]
[EventDate "2019.09.22"]
[EventType "swiss"]
[EventCountry "IND"]
[SourceTitle "playchess.com"]
[Source "ChessBase"]
[SourceQuality "1"]
[TimeControl "5400+30"]

1. e4 e6 2. d4 d5 3. Nc3 Bb4 4. e5 c5 5. a3 Bxc3+ 6. bxc3 Qc7 7. Qg4 f6 8. Nf3 c4 9. Be2 Nc6 10. O-O Qf7 11. Qg3 Nge7 12. exf6 gxf6 13. Nh4 Rg8 14. Qd6 Bd7 15. Bf4 Rd8 16. Rae1 Bc8 17. Qc5 h5 18. Bf3 b6 19. Qb5 Bd7 20. Qb2 Qh7 21. Re3 Kf7 22. Qc1 Ng6 23. Nxg6 Qxg6 24. Qd1 Rh8 25. Bc7 Rdg8 26. Bd6 Qf5 27. Kh1 Nd8 28. h3 Ba4 29. Rfe1 Bxc2 30. Qd2 1/2-1/2

[Event "2nd Gujarat Open 2019"]
[Site "Ahmedabad, Gujarat"]
[Date "2019.09.27"]
[Round "8.8"]
[White "Hesham, Abdelrahman"]
[Black "Sahoo, Utkal Ranjan"]
[Result "1/2-1/2"]
[ECO "A05"]
[WhiteElo "2396"]
[BlackElo "2329"]
[Annotator "NA RC"]
[PlyCount "144"]
[EventDate "2019.09.22"]
[EventType "swiss"]
[EventCountry "IND"]
[SourceTitle "playchess.com"]
[Source "ChessBase"]
[SourceQuality "1"]
[TimeControl "5400+30"]

1. Nf3 Nf6 2. c4 e6 3. e3 d5 4. b3 Be7 5. Bb2 b6 6. Nc3 Bb7 7. cxd5 exd5 8. Be2 O-O 9. O-O c5 10. d4 Nc6 11. dxc5 bxc5 12. Rc1 Rc8 13. Na4 Ne4 14. Nd2 Nb4 15. a3 Nxd2 16. Qxd2 Na6 17. Rfd1 Qd6 18. Qa5 Rfd8 19. Bg4 Rb8 20. Be2 h6 21. Nc3 d4 22. exd4 cxd4 23. Na4 Qg6 24. Bf1 Rd5 25. Qe1 Bf6 26. Rd3 Be5 27. Qd2 Rbd8 28. f4 Bf6 29. Rg3 Qf5 30. b4 Qd7 31. Qd1 Bc6 32. Bxa6 Bxa4 33. Qd3 Re8 34. Bc4 Bb5 35. a4 Bxc4 36. Qxc4 Rf5 37. Rf3 Qd6 38. Rcf1 Rd5 39. Rd3 Qd7 40. Rc1 Re3 41. Qc8+ Qxc8 42. Rxc8+ Kh7 43. Rd2 Rb3 44. Rc4 Rf5 45. g3 Be7 46. Bxd4 Bxb4 47. Rb2 Rxb2 48. Bxb2 Bc5+ 49. Kf1 Rd5 50. Ke2 f5 51. Rc3 Kg6 52. Rd3 Rxd3 53. Kxd3 Bg1 54. Bd4 Bxh2 55. Bxa7 Bxg3 56. Be3 Be1 57. Bd2 Bf2 58. a5 Ba7 59. Be3 Bb8 60. Kc4 h5 61. Bf2 Bxf4 62. a6 Bb8 63. Kd5 h4 64. Bxh4 Ba7 65. Bg3 Kf7 66. Bd6 Ke8 67. Kc6 g5 68. Bc5 Kd8 69. Bxa7 Kc8 70. Kd5 Kc7 71. Ke6 f4 72. Kf5 f3 1/2-1/2

[Event "2nd Gujarat Open 2019"]
[Site "Ahmedabad, Gujarat"]
[Date "2019.09.27"]
[Round "8.9"]
[White "Ziatdinov, Raset"]
[Black "Deepan Chakkravarthy J."]
[Result "0-1"]
[ECO "B44"]
[WhiteElo "2222"]
[BlackElo "2539"]
[Annotator "ChessBase"]
[PlyCount "96"]
[EventDate "2019.09.22"]
[EventType "swiss"]
[EventCountry "IND"]
[SourceTitle "playchess.com"]
[Source "ChessBase"]
[SourceQuality "1"]
[TimeControl "5400+30"]

1. e4 c5 2. Nf3 e6 3. d4 cxd4 4. Nxd4 Nc6 5. Nb5 d6 6. c4 Nf6 7. N1c3 a6 8. Na3 Be7 9. Be2 O-O 10. O-O b6 11. Be3 Ne5 12. Rc1 Bb7 13. Qd4 Rb8 14. Rfd1 Ned7 15. b4 Re8 16. Nab1 Qc7 17. Nd2 Rbc8 18. h3 Qb8 19. Nf1 Bf8 20. Ng3 Rcd8 21. a3 Nc5 22. Bg5 Nb3 23. Qxb6 Nd7 24. Qe3 Nxc1 25. Qxc1 Rc8 26. Bf4 Nb6 27. Nh5 Nxc4 28. Rd3 Kh8 29. Rg3 f6 30. Bh6 Re7 31. Nxf6 gxf6 32. Bxf8 Rxf8 33. Bxc4 Qc8 34. Qh6 Ref7 35. Bb3 Rg8 36. Rd3 Rg5 37. h4 Bxe4 38. Re3 Rxg2+ 39. Kf1 Rg6 40. Qf4 Bg2+ 41. Ke1 e5 42. Qh2 Rc7 43. Kd2 Bb7 44. h5 Rg2 45. Qh4 Qf5 46. Nd1 Rg4 47. Rg3 Rcg7 48. Rxg4 Rxg4 0-1

[Event "2nd Gujarat Open 2019"]
[Site "Ahmedabad, Gujarat"]
[Date "2019.09.27"]
[Round "8.10"]
[White "Abu Sufian, Shakil"]
[Black "Nitin, S.."]
[Result "1-0"]
[ECO "B86"]
[WhiteElo "2255"]
[BlackElo "2361"]
[Annotator "NA"]
[PlyCount "129"]
[EventDate "2019.09.22"]
[EventType "swiss"]
[EventCountry "IND"]
[SourceTitle "playchess.com"]
[Source "ChessBase"]
[SourceQuality "1"]
[TimeControl "5400+30"]

1. e4 c5 2. Nf3 d6 3. d4 cxd4 4. Nxd4 Nf6 5. Nc3 e6 6. Bc4 Be7 7. Bb3 O-O 8. g4 d5 9. exd5 exd5 10. Rg1 Nc6 11. g5 Ne4 12. Nxc6 bxc6 13. Nxe4 dxe4 14. Qxd8 Rxd8 15. Be3 a5 16. Rd1 Bf5 17. Rxd8+ Bxd8 18. Kd2 Bc7 19. h4 a4 20. Bc4 Be5 21. c3 Bg6 22. Kc2 Bh5 23. b3 axb3+ 24. Kxb3 Kf8 25. a4 Ke7 26. Ra1 Bc7 27. Bc5+ Bd6 28. Bd4 Rb8+ 29. Kc2 Bg6 30. Be3 f5 31. gxf6+ gxf6 32. a5 f5 33. a6 f4 34. a7 Ra8 35. Bb6 e3+ 36. Kb2 Be4 37. fxe3 f3 38. Rg1 c5 39. Rg4 Bc6 40. Rg7+ Kf6 41. Rxh7 Rf8 42. Rh6+ Ke7 43. Bxc5 Bxc5 44. Rxc6 Bd6 45. Ra6 Ra8 46. Kc2 Bc5 47. Kd2 Rxa7 48. Rxa7+ Bxa7 49. Bd5 f2 50. Bg2 Kf6 51. Ke2 Kf5 52. Bh3+ Kg6 53. Kxf2 Kh5 54. Kf3 Kxh4 55. Kf4 Bb8+ 56. Kf5 Kxh3 57. e4 Kg3 58. e5 Kf3 59. c4 Ba7 60. e6 Bc5 61. Ke5 Kg4 62. Kd5 Be7 63. c5 Kf5 64. c6 Bd8 65. e7 1-0